 Dungeon Crawl Stone Soup version 0.29.1-1-gd02db6906a (webtiles) character file.

Game seed: 5732554794646410309

565 NullDivider the Sneak (level 7, -3/41 HPs)
             Began as an Octopode Venom Mage on Sept 30, 2022.
             Slain by a phantom (8 damage)
             ... on level 4 of the Dungeon.
             The game lasted 00:34:25 (5261 turns).

NullDivider the Sneak (Octopode Venom Mage)         Turns: 5261, Time: 00:34:25

Health: -3/41      AC:  1    Str:  8    XL:     7   Next: 32%
Magic:  20/21      EV: 14    Int: 19    God:
Gold:   185        SH:  0    Dex: 12    Spells: 3/13 levels left

rFire   . . .      SeeInvis .   b - +2 short sword (freeze)
rCold   . . .      Faith    .   (no shield)
rNeg    . . .      Spirit   .   (helmet restricted)
rPois   .          Reflect  .   (no amulet)
rElec   .          Harm     .   k - ring of resist corrosion
rCorr   +          Rampage  .   v - ring of magical power
Will    .....                   (no ring)
Stlth   ++++......              (no ring)
HPRegen 0.13/turn               (no ring)
MPRegen 0.17/turn               (no ring)
                                (no ring)
                                (no ring)

@: no status effects
A: almost no armour, amphibious, 8 rings, camouflage 1, gelatinous body 1,
(nimble swimmer 1), tentacles
a: no special abilities


You were on level 4 of the Dungeon.
You visited 1 branch of the dungeon, and saw 5 of its levels.

You collected 185 gold pieces.

Inventory:

Hand Weapons
 b - a +2 short sword of freezing (weapon)
Missiles
 x - a throwing net
Jewellery
 k - a ring of resist corrosion (left tentacle)
 v - a ring of magical power (right tentacle)
Wands
 p - a wand of iceblast (5)
 u - a wand of paralysis (11)
Scrolls
 e - 2 scrolls of magic mapping {unknown}
 i - a scroll of poison {unknown}
 j - a scroll of blinking {unknown}
 m - a scroll of torment {unknown}
 o - 3 scrolls of identify {unknown}
 q - 2 scrolls of teleportation {unknown}
 s - a scroll of fear {unknown}
 t - a scroll of summoning {unknown}
Potions
 a - a potion of magic
 c - a potion of cancellation {unknown}
 d - a potion of lignification {unknown}
 f - 2 potions of flight {unknown}
 g - a potion of haste {unknown}
 h - 4 potions of curing {unknown}
 l - a potion of heal wounds {unknown}
 n - a potion of mutation {unknown}
 r - a potion of degeneration {unknown}
 w - a potion of might {unknown}


   Skills:
 + Level 1.0 Short Blades
 * Level 3.8 Dodging
 * Level 5.4 Stealth
 * Level 3.6 Spellcasting
 - Level 1.5 Conjurations
 - Level 1.2 Transmutations
 - Level 1.5 Air Magic
 * Level 5.3 Poison Magic
 + Level 1.1 Evocations


You had 3 spell levels left.
You knew the following spells:

 Your Spells              Type           Power      Damage    Failure   Level
a - Sting                 Tmut/Pois      60%        1d6       3%          1
b - Poisonous Vapours     Pois/Air       32%        N/A       5%          2
c - Mephitic Cloud        Conj/Pois/Air  14%        N/A       14%         3
d - Olgreb's Toxic Radia  Pois           23%        N/A       16%         4

Your spell library contained the following spells:

 Spells                   Type           Power      Damage    Failure   Level
 Airstrike                Air            4%         2d(1-17)  58%         4
 Summon Lightning Spire   Summ/Air       6%         N/A       71%         4
 Lightning Bolt           Conj/Air       4%         1d16      91%         5


Dungeon Overview and Level Annotations

Branches:
Dungeon (5/15)             Temple (0/1) D:4

Altars:
Elyvilon
Gozag
Makhleb
Xom

Shops:
D:1 (

Annotations:
D:4 Edmund


Innate Abilities, Weirdness & Mutations

You cannot wear most types of armour.
You are amphibious.
You can wear up to eight rings at the same time.
Your skin changes colour to match your surroundings (Stealth+).
Your rubbery body absorbs attacks. (AC +1, EV +1)
((You are camouflaged when in or above water. (Stealth+)))
You have tentacles for arms and can constrict up to eight enemies at once.


Message History

The helpless howler monkey fails to defend itself.
You puncture the howler monkey! You freeze the howler monkey.
Your grab misses the howler monkey. You squeeze the howler monkey.
The howler monkey is almost dead.
The phantom hits you.
The phantom blinks!
You blink.
You closely miss the phantom. Your squeeze misses the phantom.
The phantom is lightly damaged.
The howler monkey hoots and howls with incredible vigour!
The phantom hits you.
The phantom blinks!
You blink.
The adder hisses angrily.
The phantom attacks as you move away! The phantom hits you.
You hear the quick rusting of a very distant drain.
The howler monkey misses you.
The howler monkey hoots and howls with incredible vigour!
The phantom attacks as you move away! The phantom hits you.
The phantom attacks as you move away! The phantom barely misses you.
The phantom attacks as you move away!
The phantom hits you but does no damage.
The phantom attacks as you move away! The phantom hits you.
A necrophage comes into view.
The howler monkey hoots and howls with incredible vigour!
Found a scroll labelled VILIPU QOEN.
The howler monkey hoots and howls with incredible vigour!
You hear a shout!
There is a stone staircase leading up here.
The phantom hits you.
You climb upwards.
Level annotation: Edmund
There is a stone staircase leading down here.
You are too injured to fight recklessly!
You miss the phantom. The phantom hits you!
* * * LOW HITPOINT WARNING * * *
You closely miss the phantom. The phantom hits you!
* * * LOW HITPOINT WARNING * * *
The phantom blinks!
You blink.
Aiming: Paralyse
Press: ? - help, Shift-Dir - straight line, f - phantom
Aim: a phantom (chance to affect: 34%)
The phantom easily resists.
The phantom hits you!
You die...

#.##### #.#.... #.#.##. #.#.##.
##### #.#.##. #...# #.#..#. #...#
#.##.#. #########...####.##.#.
####### #§...@W..........##)#.
#.....# ##§##.####...#######.##
#.###.#####.............#......#
#.###.##.##..###........#.######
#...#....##..# #####....#.....#
###.####.##..####.......#####.###
......##)##....##.###............
......##....##.##.# #########.###
......######......## #.#


You could see a phantom.

Vanquished Creatures
  Sigmund (D:2)
  A scorpion (D:4)
  A jelly (D:4)
  2 hounds
  Jessica (D:2)
  An iguana (D:4)
  An orc wizard (D:4)
  Robin (D:2)
  2 adders (D:4)
  2 gnolls (D:5)
  3 worms (D:2)
  A dart slug (D:2)
  5 orcs (D:4)
  4 ball pythons
  4 bats
  14 endoplasms
  7 giant cockroaches
  17 goblins
  9 hobgoblins
  5 jackals
  9 kobolds
  5 quokkas
  4 frilled lizards
  9 rats
109 creatures vanquished.

Vanquished Creatures (others)
  12 demonic plants (D:2)
  7 fungi (D:2)
  3 plants (D:2)
  8 withered plants (D:2)
30 creatures vanquished.

Grand Total: 139 creatures vanquished

Notes
Turn   | Place    | Note
-------+----------+-------------------------------------------
     0 | D:1      | NullDivider the Octopode Venom Mage began the quest for the
                  | Orb.
     0 | D:1      | Reached XP level 1. HP: 11/11 MP: 3/3
   121 | D:1      | Reached XP level 2. HP: 17/17 MP: 3/5
   124 | D:1      | Learned a level 2 spell: Poisonous Vapours
   547 | D:1      | Reached XP level 3. HP: 17/21 MP: 3/6
   599 | D:1      | Learned a level 3 spell: Mephitic Cloud
   982 | D:1      | Found Fewul's Antique Weapon Emporium.
  1495 | D:1      | Reached XP level 4. HP: 25/27 MP: 4/7
  1622 | D:2      | Reached skill level 1 in Air Magic
  1728 | D:2      | Noticed Robin
  1849 | D:2      | Killed Robin
  2140 | D:2      | Found an opulent altar of Gozag.
  2261 | D:2      | Noticed Sigmund
  2269 | D:2      | Killed Sigmund
  2270 | D:2      | Reached skill level 1 in Conjurations
  2270 | D:2      | Reached XP level 5. HP: 22/31 MP: 1/9
  2270 | D:2      | Reached XP level 6. HP: 26/36 MP: 1/10
  2280 | D:2      | Learned a level 4 spell: Olgreb's Toxic Radiance
  2381 | D:2      | Noticed Jessica
  2386 | D:2      | Killed Jessica
  2731 | D:2      | Found a faded altar of an unknown god.
  3800 | D:4      | Reached skill level 5 in Poison Magic
  4098 | D:4      | Reached skill level 5 in Stealth
  4234 | D:4      | Reached XP level 7. HP: 41/41 MP: 9/12
  4422 | D:4      | Found a staircase to the Ecumenical Temple.
  4718 | D:4      | Found a burning altar of Makhleb.
  4722 | D:4      | Reached skill level 1 in Evocations
  4723 | D:4      | Noticed Edmund
  4738 | D:5      | Entered Level 5 of the Dungeon
  5011 | D:5      | Found a white marble altar of Elyvilon.
  5016 | D:5      | Found a shimmering altar of Xom.
  5031 | D:5      | Reached skill level 1 in Short Blades
  5261 | D:4      | Slain by a phantom

Illustrated notes

Levels and vault maps discovered:
D:1:      erik_arrival_cave_to_civilisation [erik_arrival_cave_to_hall],
          layout_basic, serial_shops, shop
D:2:      layout_rooms, shapermc_ecumenical_altar_gd, basic_altar,
          interstate_on_off, kennysheep_potato, uniq_robin, uniq_jessica,
          uniq_sigmund
D:3:      layout_basic
D:4:      layout_basic, minmay_temple_entry_statues_pillars,
          minmay_ruined_shrine, uniq_edmund
D:5:      layout_basic, mainiacjoe_overflow_large_starburst,
          cheibrodos_sewer_entry_drain, uniq_pikel

Skill      XL: |  1  2  3  4  5  6  7 |
---------------+----------------------+-----
Stealth        | 3 4 5 |  5.4
Poison Magic   | 4 5 |  5.3
Air Magic      | 1 |  1.5
Dodging        | 3 |  3.8
Spellcasting   | 3 |  3.6
Conjurations   | 1 |  1.5
Evocations     | 1 |  1.1
Short Blades   | 1 |  1.0
Transmutations | |  1.2

Action                   |  1- 3 |  4- 6 |  7- 9 || total
-------------------------+-------+-------+-------++-------
Melee: Unarmed           |     4 |       |       ||     4
       Constrict         |     9 |    11 |     3 ||    23
       Tentacles         |     7 |    12 |     3 ||    22
       Short sword       |    30 |    54 |    22 ||   106
       Punch             |       |     1 |     1 ||     2
 Cast: Sting             |    54 |    66 |    11 ||   131
       Poisonous Vapours |     1 |    11 |    16 ||    28
       Mephitic Cloud    |       |     1 |     1 ||     2
Evoke: Wand              |       |       |     1 ||     1
 Stab: Sleeping          |       |     6 |     2 ||     8
       Confused          |       |       |     1 ||     1
Armor: Skin              |     1 |     5 |     3 ||     9
Dodge: Dodged            |    20 |    35 |    19 ||    74
